Map: Eternal Empire LE

Players

technology

  • Race: Terran Terran
  • League: Grandmaster
  • Spawn Location: 7:00

llIlllIlllll - Winner!

  • Race: Protoss Protoss
  • League: Master
  • Spawn Location: 1:00

VOD

Have the link to the VOD?

Description

Time

  • Played on: May 3, 2020, 9:57 p.m.
  • Length: 15:28
Show
View Real Time Build Order
Export as new Build Order

technology Terran 

Build Orders: Reaper Expand 

Get SALT Encoding   

  12  0:01  SCV  
  13  0:13  SCV  
  14  0:18  Supply Depot  
  14  0:25  SCV  
  15  0:39  SCV  
  16  0:42  Barracks  
  16  0:47  Refinery  
  16  0:51  SCV  
  17  1:04  SCV  
  18  1:16  SCV  
  19  1:31  Orbital Command  
  19  1:32  Reaper  
  20  1:40  Command Center  
  20  1:50  Supply Depot  
  20  1:58  SCV  
  21  2:03  Marine  
  22  2:10  Factory  
  22  2:12  SCV  
  22  2:15  Refinery  
  23  2:24  SCV  
  24  2:30  Barracks Reactor, Bunker  
  24  2:36  SCV  
  25  2:48  SCV  
  26  2:56  Orbital Command  
  25  3:02  Hellion, Starport  
  25  3:05  SCV  
  28  3:09  Marine  
  28  3:10  Marine  
  30  3:21  SCV  
  30  3:23  SCV  
  30  3:26  Widow Mine  
  34  3:33  SCV  
  35  3:35  SCV  
  36  3:41  Marine x2  
  36  3:43  Medivac  
  36  3:45  SCV, Supply Depot  
  36  3:47  SCV  
  42  3:50  Widow Mine  
  44  3:57  SCV  
  44  3:59  SCV  
  46  4:09  SCV, Marine x2  
  49  4:11  SCV  
  50  4:18  Starport Tech Lab, Factory Tech Lab  
  50  4:19  Barracks  
  50  4:20  Barracks  
  50  4:21  SCV  
  50  4:22  Supply Depot  
  50  4:23  SCV  
  50  4:33  SCV, Marine x2  
  50  4:35  SCV  
  53  4:39  Engineering Bay  
  53  4:40  Refinery  
  54  4:45  SCV  
  54  4:48  SCV  
  55  4:56  Marine x2  
  55  4:57  SCV  
  58  5:00  SCV  
  58  5:01  Supply Depot  
  58  5:04  Supply Depot  
  58  5:05  Terran Infantry Weapons Level 1  
  59  5:09  SCV  
  59  5:13  Stimpack  
  60  5:14  Combat Shield  
  60  5:17  Marauder  
  60  5:19  Starport Reactor  
  60  5:21  Factory Reactor  
  62  5:22  Marine x2  
  62  5:23  Marauder  
  62  5:27  Supply Depot, Refinery  
  67  5:28  SCV  
  67  5:29  SCV  
  68  5:40  Command Center  
  68  5:41  Marauder, Marine  
  71  5:45  Marauder  
  73  5:50  Supply Depot  
  73  5:57  Medivac x2  
  73  5:59  Widow Mine x2  
  73  6:00  SCV x2  
  83  6:05  Marauder, Marine  
  83  6:08  Supply Depot  
  86  6:12  Marine  
  86  6:15  Barracks x2  
  86  6:17  Marauder  
  89  6:18  Supply Depot  
  89  6:22  SCV x2  
  89  6:23  Widow Mine  
  93  6:30  Widow Mine  
  95  6:33  Concussive Shells  
  95  6:34  SCV, Marauder  
  95  6:35  Marine x2  
  95  6:38  Medivac  
  102  6:40  Medivac  
  102  6:41  Marauder  
  102  6:46  Supply Depot  
  106  6:54  Orbital Command  
  106  6:55  SCV x2  
  106  7:00  Terran Infantry Armor Level 1  
  96  7:26  Marauder, Marine x2  
  96  7:27  Barracks Reactor, Barracks Tech Lab  
  96  7:28  Marauder  
  100  7:30  Viking x2  
  100  7:31  Orbital Command  
  100  7:34  SCV x2  
  107  7:37  Armory  
  107  7:39  Engineering Bay  
  107  7:41  Refinery  
  107  7:44  Refinery  
  99  7:54  Marauder, Marine x2  
  99  7:55  Marauder, Marine  
  99  7:57  SCV x2, Widow Mine x2  
  99  7:58  SCV  
  111  8:02  Viking  
  113  8:06  Viking  
  113  8:11  SCV x3  
  113  8:12  Marine x2  
  120  8:13  Marauder  
  120  8:15  Marine  
  123  8:20  Supply Depot  
  123  8:23  SCV x2  
  125  8:27  Supply Depot  
  125  8:33  Widow Mine  
  124  8:36  Marauder, Marine  
  124  8:37  SCV x3  
  124  8:39  Marine x3  
  124  8:40  Marauder x2  
  132  8:41  Viking x2  
  132  8:46  Supply Depot  
  136  8:48  Supply Depot  
  136  8:49  SCV  
  137  8:56  Marine  
  137  8:57  Terran Infantry Armor Level 2, Terran Infantry Weapons Level 2  
  137  8:58  Marauder  
  137  9:02  SCV x3  
  142  9:06  Supply Depot  
  142  9:13  Terran Ship Weapons Level 1  
  142  9:14  SCV  
  143  9:18  SCV x2, Ghost Academy  
  142  9:25  Marauder, Marine  
  142  9:26  SCV  
  134  9:43  Marine x2  
  134  9:44  Marauder, Marine  
  124  9:50  SCV x3  
  112  10:02  SCV x3  
  115  10:13  Ghost x3  
  122  10:14  SCV x3  
  122  10:15  Marine x4  
  125  10:28  Command Center  
  125  10:33  Marine  
  126  10:36  Marine x3  
  126  10:40  Barracks  
  126  10:41  Barracks x2  
  126  10:42  Marauder  
  124  10:57  Marauder, Marine x4  
  124  10:58  SCV x2, Marauder  
  124  11:01  SCV  
  135  11:11  Supply Depot  
  135  11:12  Ghost  
  135  11:15  Viking  
  135  11:16  Viking  
  141  11:22  Terran Infantry Weapons Level 3, Terran Infantry Armor Level 3  
  141  11:33  Supply Depot  
  141  11:35  Barracks Reactor, Barracks Tech Lab x2  
  141  11:36  Marine  
  141  11:37  Marauder x2, Marine x2  
  141  11:38  Marine  
  149  11:42  Marauder  
  151  11:47  Sensor Tower  
  123  12:17  Marine  
  123  12:18  Marauder x3, Marine x2  
  130  12:24  Marauder, Marine x3  
  130  12:25  Marauder  
  106  12:48  Marauder x3, Marine x3  
  106  12:51  Marauder, Marine x3  
  112  12:52  Marauder  
  112  12:56  Liberator x2  
  125  13:01  Command Center  
  125  13:05  Marine  
  125  13:06  Marine x2  
  125  13:09  Marauder, Marine x3  
  125  13:10  Marauder x2  
  125  13:12  Marine  
  137  13:18  Marauder  
  137  13:19  Sensor Tower  
  139  13:23  Marine x2  
  139  13:24  Marine  
  139  13:27  Marine  
  131  13:31  Marauder x3, Marine x2  
  131  13:33  Command Center  
  118  13:56  Liberator x2  
  118  13:57  Ghost x3  
  122  14:07  Marine x2  
  122  14:08  Marauder  
  122  14:09  Marauder, Marine x2  
  110  14:13  Marine  
  108  14:19  Marine  
  109  14:26  Marauder x3  
  109  14:28  Starport  
  115  14:38  Marauder  
  117  14:39  Medivac x2  
  117  14:45  Sensor Tower  
  104  15:04  Marauder, Marine x5  
  88  15:08  Marine x2  
Show
View Real Time Build Order
Export as new Build Order

llIlllIlllll Protoss - Winner!

Build Orders: 1 Gate Expand, Colossus Rush 

Get SALT Encoding   

  12  0:00  Probe  
  13  0:12  Probe  
  14  0:18  Pylon  
  14  0:25  Probe (Chrono Boost)  
  15  0:37  Probe (Chrono Boost)  
  15  0:38  Gateway  
  16  0:45  Probe (Chrono Boost)  
  16  0:48  Assimilator  
  17  0:51  Probe  
  18  1:03  Probe  
  19  1:15  Probe  
  20  1:25  Cybernetics Core  
  20  1:27  Probe  
  21  1:39  Nexus  
  21  1:44  Pylon  
  21  1:47  Probe  
  21  1:52  Assimilator  
  22  1:59  Probe  
  22  2:00  Adept (Chrono Boost)  
  23  2:06  Warp Gate  
  25  2:11  Probe  
  26  2:23  Probe  
  26  2:25  Stalker (Chrono Boost)  
  28  2:35  Probe  
  29  2:49  Twilight Council  
  29  2:51  Sentry  
  31  2:52  Probe, Gateway  
  32  3:03  Probe (Chrono Boost)  
  32  3:05  Probe (Chrono Boost)  
  34  3:15  Probe (Chrono Boost)  
  34  3:17  Probe (Chrono Boost)  
  36  3:22  Probe x2 (Chrono Boost)  
  38  3:30  Probe  
  38  3:31  Probe  
  40  3:35  Charge (Chrono Boost)  
  40  3:41  Pylon  
  40  3:42  Probe  
  40  3:43  Probe  
  42  3:50  Robotics Facility  
  42  3:55  Nexus  
  42  3:56  Probe  
  42  3:58  Probe  
  44  4:08  Probe  
  45  4:10  Probe  
  46  4:17  Assimilator  
  46  4:18  Assimilator  
  46  4:20  Probe, Pylon  
  46  4:22  Probe  
  46  4:32  Probe, Stalker x2  
  46  4:34  Probe  
  52  4:44  Probe  
  52  4:45  Observer (Chrono Boost)  
  50  4:56  Probe  
  51  5:01  Robotics Bay  
  51  5:02  Forge  
  51  5:03  Gateway  
  51  5:04  Probe  
  51  5:06  Gateway  
  52  5:08  Probe, Pylon, Gateway  
  52  5:11  Blink (Chrono Boost), Observer (Chrono Boost)  
  52  5:14  Probe  
  55  5:21  Probe x2  
  57  5:26  Probe  
  58  5:30  Observer (Chrono Boost)  
  58  5:33  Probe x2  
  61  5:38  Probe  
  62  5:45  Probe x2  
  64  5:50  Probe  
  64  5:55  Colossus (Chrono Boost)  
  71  5:57  Probe x2, Pylon  
  71  6:01  Observer  
  71  6:02  Probe  
  74  6:04  Protoss Ground Weapons Level 1  
  74  6:05  Extended Thermal Lance  
  74  6:09  Probe  
  75  6:13  Probe  
  75  6:14  Probe  
  75  6:16  Gateway x2  
  77  6:18  Gateway  
  77  6:36  Shield Battery, Photon Cannon  
  77  6:38  Pylon  
  77  6:39  Stalker x5  
  87  6:46  Colossus (Chrono Boost)  
  93  6:56  Probe  
  93  6:58  Pylon  
  93  6:59  Pylon  
  94  7:01  Pylon  
  94  7:02  Pylon  
  92  7:17  Stalker x7  
  92  7:18  Probe  
  92  7:19  Probe  
  106  7:27  Probe  
  106  7:30  Probe  
  106  7:31  Colossus (Chrono Boost)  
  106  7:34  Pylon  
  113  7:37  Zealot  
  113  7:40  Zealot x3  
  117  7:54  Observer  
  115  7:58  Zealot x3  
  115  7:59  Zealot x2  
  115  8:01  Probe  
  115  8:02  Probe x2, Assimilator  
  115  8:03  Assimilator  
  128  8:06  Forge  
  128  8:15  Warp Prism (Chrono Boost)  
  130  8:20  Probe  
  130  8:21  Templar Archives  
  129  8:30  Probe  
  124  8:43  Zealot  
  124  8:44  Zealot x6  
  124  8:48  Probe  
  141  8:55  Robotics Facility  
  141  8:59  Protoss Ground Weapons Level 2 (Chrono Boost)  
  141  9:03  Nexus  
  141  9:06  Pylon  
  141  9:07  Pylon  
  141  9:08  Pylon  
  141  9:09  Protoss Ground Armor Level 1 (Chrono Boost)  
  141  9:10  Pylon  
  139  9:22  Disruptor (Chrono Boost)  
  140  9:25  Sentry x3  
  140  9:26  Zealot x5  
  96  9:53  Disruptor (Chrono Boost)  
  96  9:56  Disruptor (Chrono Boost)  
  96  9:58  Zealot x5  
  96  9:59  Zealot x3  
  114  10:02  Gateway  
  114  10:03  Gateway  
  114  10:06  Pylon  
  114  10:13  Pylon  
  114  10:21  Disruptor (Chrono Boost)  
  114  10:23  Disruptor (Chrono Boost)  
  118  10:49  Zealot  
  120  10:50  Disruptor (Chrono Boost)  
  120  10:51  Probe x2  
  120  10:52  Disruptor (Chrono Boost)  
  120  10:55  Observer  
  126  11:02  High Templar x2  
  126  11:03  High Templar x4  
  138  11:05  Zealot x3  
  138  11:07  Archon  
  138  11:08  Archon x2  
  144  11:15  Protoss Ground Armor Level 2 (Chrono Boost)  
  144  11:18  Protoss Ground Weapons Level 3 (Chrono Boost)  
  144  11:20  Gravitic Boosters  
  144  11:21  Probe x3  
  147  11:27  Colossus (Chrono Boost)  
  147  11:28  Photon Cannon  
  147  11:30  Photon Cannon  
  147  11:31  Warp Prism (Chrono Boost)  
  147  11:32  Pylon, Zealot  
  153  11:33  Zealot x3  
  153  11:37  Probe x2  
  165  11:47  Probe  
  160  12:12  Probe  
  160  12:15  Probe  
  157  12:25  Probe x2  
  143  12:39  Zealot x10  
  150  13:04  Photon Cannon  
  150  13:06  Photon Cannon  
  150  13:07  Colossus x2  
  150  13:10  Stalker  
  150  13:11  Stalker x7  
  178  13:12  Zealot  
  174  13:27  Zealot  
  166  13:35  Probe x2  
  136  13:55  Zealot  
  136  13:56  Zealot x9  
  136  14:00  Disruptor (Chrono Boost)  
  136  14:01  Disruptor (Chrono Boost)  
  143  14:22  Stalker x10  
  161  14:26  Assimilator x2  
  161  14:33  Disruptor (Chrono Boost)  
  161  14:34  Warp Prism (Chrono Boost)  
  161  14:36  Nexus  
  140  15:12  Stalker x9  
  140  15:13  Stalker  
Tags
 
Add a new tag
Caveats
  • Supply blocks, unpowered buildings, or Contaminate may cause inaccurate times.
  • Supply counts are checked every 10 seconds.